 Dungeon Crawl Stone Soup version 0.31.0-2-g5a2aebc5c2 (webtiles) character file.

Game seed: 15692485727164025991

30 bpung the Changeling (level 3, -1/27 HPs)
             Began as a Merfolk Shapeshifter on Jan 20, 2024.
             Incinerated by a bombardier beetle (6 damage)
             ... with a burning spray
             ... on level 3 of the Dungeon.
             The game lasted 00:01:29 (1561 turns).

bpung the Changeling (Merfolk Shapeshifter)         Turns: 1561, Time: 00:01:30

Health: -1/27      AC:  2    Str: 16    XL:     3   Next: 18%
Magic:  3/3        EV: 13    Int:  9    God:
Gold:   172        SH:  0    Dex: 13    Spells: 2/2 levels left

rFire   . .          .
                       - Unarmed
rCold   . . .        (no shield)
rNeg    . . .        a - +0 animal skin
rPois   .            (helmet currently unavailable)
rElec   .            (cloak currently unavailable)
rCorr   .            (gloves currently unavailable)
SInv    .            (boots currently unavailable)
Will    .....        (no amulet)
Stlth   +            (no ring)
HPRegen 0.24/turn    (no ring)
MPRegen 0.08/turn

%: no passive effects
@: on fire, beast-form, glowing
A: beast (slay +2), (nimble swimmer 2), mertail
a: Begin Untransformation


You were on level 3 of the Dungeon.
You were a hulking beast.
You visited 1 branch of the dungeon, and saw 3 of its levels.

You collected 172 gold pieces.

Inventory:

Armour
 a - a +0 animal skin (worn)
Talismans
 c - a beast talisman
 d - a flux talisman
 g - a dragon-blood talisman
Scrolls
 e - a scroll of amnesia {unknown}
 f - 2 scrolls of identify {unknown}
 i - a scroll of revelation {unknown}
Potions
 b - a potion of lignification
 h - a potion of attraction {unknown}
 j - a potion of enlightenment {unknown}


   Skills:
 + Level 1.7 Fighting
 + Level 3.1 Dodging
 + Level 3.6 Unarmed Combat
 * Level 4.6 Shapeshifting


You had 2 spell levels left.
You didn't know any spells.
Your spell library was empty.

Dungeon Overview and Level Annotations

Branches:
Dungeon (3/15)

Altars:


Innate Abilities, Weirdness & Mutations

You are a hulking beast.
Your limbs bulge with bestial killing power. (Slay +2)
((You are very nimble when in or above water. (Stealth+, EV+, Speed+++)))
Your lower body shifts to a powerful aquatic tail in water.


Message History

You kill the frilled lizard!
Found 4 stones.
Done exploring.
Done exploring.
You open the door.
There is an open door here.
There is a stone staircase leading down here.
You climb downwards.
The gnoll shouts!
You hear a shout!
You hear an angry hiss.
You hear a shout!
Found a ring mail.
Found a stone staircase leading down.
There is a stone staircase leading up here.
There are monsters nearby!
The gnoll closely misses you.
You punch the gnoll!
The gnoll is severely wounded.
A gnoll comes into view. It is wielding a +0 club.
The gnoll misses you.
You hit the gnoll.
The gnoll is almost dead.
The gnoll hits you with a +0 spear.
You barely miss the gnoll.
The gnoll is almost dead.
The gnoll hits you with a +0 spear.
You barely miss the gnoll.
The gnoll is almost dead.
The gnoll hits you with a +0 spear.
You hit the gnoll but do no damage.
The gnoll is almost dead.
The gnoll hits you with a +0 club!
* * * LOW HITPOINT WARNING * * *
A gnoll comes into view. It is wielding a +0 spear.
The gnoll barely misses you. The gnoll attacks as it pursues you!
The gnoll hits you with a +0 club.
* * * LOW HITPOINT WARNING * * *
The bombardier beetle sprays incendiary fluid at you.
The burning spray hits you.
You are covered in liquid fire!
There is a stone staircase leading up here.
The liquid fire burns you!
You die...

.......+.#
.......#.#
.......#.#
.......#.#
.[.....#.#
.......#.#######
.......#...B...#
.>....ggh#
.....#.### #..
.g. . ###~ .# .
.. ##


You could see a bombardier beetle and 3 gnolls.

Vanquished Creatures
  An adder (D:2)
  A dart slug (D:1)
  3 ball pythons (D:1)
  A giant cockroach (D:2)
  A goblin (D:1)
  3 hobgoblins
  A quokka (D:1)
  3 frilled lizards
  2 kobolds
  2 rats (D:2)
18 creatures vanquished.

Notes
Turn   | Place    | Note
-------+----------+-------------------------------------------
     0 | D:1      | bpung the Merfolk Shapeshifter began the quest for the Orb.
     0 | D:1      | Reached XP level 1. HP: 15/15 MP: 1/1
   204 | D:1      | Reached XP level 2. HP: 15/21 MP: 2/2
  1378 | D:2      | Reached XP level 3. HP: 23/27 MP: 3/3
  1561 | D:3      | Incinerated by a bombardier beetle

Illustrated notes

Levels and vault maps discovered:
D:1:      lemuel_arrival_room, layout_basic, dreamdust_wishing_well
D:2:      layout_basic
D:3:      layout_basic, serial_corexii_hall, chequers_hall_statues_y,
          corexii_hall_statues_u, minmay_crystal_room, minmay_misc_feat_plants,
          hex_medium, fountainhead, minmay_distorted, uniq_crazy_yiuf_cottage

Skill      XL: |  1  2 |
---------------+-------+-----
Dodging        | 3 |  3.1
Fighting       | |  1.7
Unarmed Combat | |  3.6
Shapeshifting  | |  4.6

Action                     || total
---------------------------++-------
  Melee: Unarmed           ||    54
         Punch             ||     1
   Stab: Sleeping          ||     1
 Armour: Animal skin       ||    22
  Dodge: Dodged            ||    24
